Map: Acid Plant LE

Players

Jebedoh

  • Race: Zerg Zerg
  • League: Diamond
  • Spawn Location: 11:00

RKL - Winner!

  • Race: Zerg Zerg
  • League: Diamond
  • Spawn Location: 5:00

VOD

Have the link to the VOD?

Description

Time

  • Played on: May 26, 2018, 4:13 p.m.
  • Length: 15:24
Show
View Real Time Build Order
Export as new Build Order

Jebedoh Zerg 

Build Orders: Hatch First 

Get SALT Encoding   

  12  0:01  Drone  
  13  0:13  Overlord  
  13  0:17  Drone  
  14  0:31  Drone x2  
  14  0:35  Drone  
  17  0:54  Hatchery  
  16  0:57  Drone  
  16  1:00  Drone  
  18  1:13  Extractor  
  18  1:16  Spawning Pool  
  17  1:18  Drone  
  17  1:22  Drone  
  18  1:28  Drone  
  19  1:39  Overlord  
  19  1:50  Drone  
  20  2:03  Queen, Zergling x2  
  20  2:05  Queen  
  20  2:06  Zergling x2  
  26  2:12  Zergling x2  
  27  2:16  Metabolic Boost  
  27  2:19  Zergling x2  
  28  2:25  Drone  
  28  2:29  Drone  
  30  2:34  Drone  
  31  2:37  Overlord  
  31  2:46  Drone  
  32  2:52  Drone  
  33  3:05  Hatchery  
  32  3:06  Drone x2  
  32  3:10  Baneling Nest  
  32  3:11  Zergling x4  
  35  3:17  Overlord  
  35  3:19  Zergling x6  
  38  3:34  Zergling x10  
  44  3:41  Zergling x2  
  44  3:52  Queen  
  44  3:55  Baneling x2  
  46  3:57  Zergling x6  
  49  4:03  Zergling x2  
  41  4:18  Zergling x2  
  41  4:19  Zergling x6  
  41  4:24  Baneling  
  38  4:55  Zergling x6  
  38  4:56  Zergling x12  
  38  4:58  Drone  
  47  5:09  Zergling x14  
  54  5:22  Zergling x8  
  51  5:40  Zergling x2  
  51  5:41  Zergling x16  
  58  5:46  Overlord x2  
  58  5:48  Evolution Chamber  
  56  5:52  Zergling x4  
  56  5:53  Zergling x4  
  49  6:05  Drone  
  49  6:06  Drone x5  
  49  6:08  Roach Warren  
  54  6:18  Drone x2  
  55  6:19  Drone x3  
  59  6:34  Zerg Ground Armor Level 1  
  59  6:36  Drone x10  
  65  7:03  Roach  
  65  7:04  Roach x4  
  65  7:08  Overlord x2  
  74  7:23  Extractor  
  74  7:24  Zergling x2  
  74  7:27  Overlord, Extractor  
  74  7:28  Roach x4  
  74  7:29  Roach x4  
  89  7:34  Overlord x2  
  89  7:35  Evolution Chamber  
  88  7:43  Overlord  
  88  7:49  Drone x2  
  90  7:51  Overlord x2  
  90  8:03  Roach x4  
  98  8:13  Overlord x2  
  98  8:15  Roach x3  
  103  8:24  Roach  
  103  8:25  Roach x2  
  95  8:36  Roach x3  
  95  8:37  Roach  
  101  8:47  Zergling x2  
  101  8:48  Zergling x10  
  97  8:58  Roach x3  
  100  9:02  Ravager  
  100  9:05  Ravager  
  100  9:09  Roach  
  81  9:21  Zergling x22  
  84  9:29  Zergling x2  
  67  9:40  Zergling x6  
  67  9:45  Overlord, Drone  
  69  9:46  Drone, Queen  
  69  9:49  Roach x2  
  77  9:52  Lair  
  77  9:56  Extractor  
  76  10:01  Roach x4  
  82  10:16  Roach  
  82  10:17  Roach x4  
  87  10:27  Roach x5  
  97  10:32  Zerg Missile Weapons Level 1  
  89  10:45  Roach x3  
  93  10:51  Glial Reconstitution  
  93  10:54  Zergling x2  
  92  11:13  Hatchery, Drone  
  92  11:14  Drone x3  
  95  11:24  Roach x2  
  101  11:33  Roach x2  
  103  11:41  Roach  
  103  11:42  Roach x3  
  103  11:46  Hydralisk Den  
  109  11:49  Overlord x2  
  107  11:54  Zerg Ground Armor Level 2  
  107  11:56  Roach  
  107  11:57  Roach x2  
  113  12:11  Hatchery  
  113  12:15  Hydralisk  
  113  12:26  Hydralisk x2  
  113  12:29  Ravager x3  
  120  12:31  Ravager  
  121  12:53  Hydralisk  
  121  12:54  Hydralisk x4  
  131  13:10  Roach  
  131  13:11  Roach x4  
  141  13:15  Muscular Augments  
  141  13:21  Overlord  
  141  13:23  Overlord  
  141  13:26  Drone  
  141  13:27  Drone  
  143  13:35  Roach  
  143  13:36  Roach x2  
  143  13:38  Ravager x2  
  151  14:01  Queen  
  151  14:02  Drone  
  154  14:03  Drone x6  
  122  14:34  Roach x8  
  122  14:35  Roach x3  
  76  14:46  Hydralisk x4  
  76  14:50  Hydralisk  
  86  14:53  Roach  
  86  14:56  Ravager x2  
  86  14:59  Roach x2  
  94  15:06  Overlord x2  
Show
View Real Time Build Order
Export as new Build Order

RKL Zerg - Winner!

Build Orders: Hatch First, Lurkers 

Get SALT Encoding   

  12  0:03  Drone  
  13  0:13  Overlord  
  13  0:25  Drone  
  14  0:31  Drone x2  
  16  0:43  Drone  
  17  0:50  Drone  
  17  0:56  Hatchery  
  17  1:05  Extractor  
  16  1:15  Spawning Pool, Drone  
  16  1:22  Drone x2  
  18  1:31  Overlord  
  18  1:44  Drone  
  19  2:01  Queen  
  19  2:02  Zergling x4  
  23  2:08  Zergling x2  
  23  2:09  Queen  
  23  2:12  Drone  
  23  2:15  Metabolic Boost  
  27  2:20  Drone  
  28  2:25  Drone  
  29  2:31  Drone  
  29  2:34  Drone  
  31  2:42  Drone  
  32  2:44  Overlord  
  32  2:51  Drone  
  32  2:56  Drone  
  34  3:05  Zergling x2  
  35  3:12  Drone, Zergling x4  
  38  3:13  Hatchery, Drone  
  38  3:25  Roach Warren, Zergling x4  
  39  3:40  Zergling x4  
  39  3:41  Overlord, Zergling x4  
  43  3:51  Overlord  
  43  3:56  Zergling x2  
  43  3:59  Queen  
  46  4:07  Zergling x6  
  46  4:08  Roach  
  51  4:12  Roach x2  
  51  4:17  Roach x2  
  55  4:25  Roach x3  
  57  4:45  Roach  
  56  4:46  Roach x4  
  56  4:48  Lair  
  60  4:56  Roach  
  61  5:07  Zergling x2  
  64  5:16  Drone  
  64  5:17  Overlord  
  64  5:18  Overlord  
  63  5:44  Roach x5  
  63  5:48  Zergling x2  
  63  5:49  Zergling x6  
  76  5:50  Extractor  
  73  5:57  Zergling x2  
  74  6:12  Ravager  
  74  6:16  Hatchery  
  74  6:30  Extractor  
  74  6:31  Extractor  
  72  6:34  Drone  
  72  6:35  Drone x3  
  72  6:36  Overlord x2  
  72  6:39  Glial Reconstitution  
  76  6:52  Hatchery  
  76  6:59  Ravager  
  77  7:04  Ravager  
  78  7:12  Roach  
  78  7:13  Zergling x20  
  90  7:21  Ravager  
  91  7:28  Zergling x2  
  92  7:30  Overlord x2  
  92  7:49  Drone  
  92  7:50  Drone x6  
  96  8:05  Roach  
  96  8:06  Roach x3  
  102  8:15  Roach x2  
  98  8:36  Roach  
  98  8:37  Roach x5  
  87  9:25  Zergling x2  
  87  9:26  Zergling x12  
  80  9:38  Hatchery  
  79  9:57  Ravager  
  79  9:58  Ravager x2  
  79  9:59  Ravager x5  
  87  10:00  Roach  
  87  10:01  Roach x8  
  105  10:19  Roach x2  
  90  10:54  Hatchery  
  89  10:58  Drone  
  89  10:59  Drone x11  
  101  11:05  Evolution Chamber  
  101  11:07  Evolution Chamber  
  99  11:13  Roach  
  99  11:14  Roach  
  99  11:17  Spine Crawler  
  102  11:24  Zergling x4  
  104  11:32  Roach x2  
  108  11:34  Overlord x3  
  108  11:37  Zerg Missile Weapons Level 1  
  108  11:38  Zerg Ground Armor Level 1  
  108  11:52  Overlord x3  
  108  11:57  Ravager x5  
  108  11:58  Ravager  
  108  11:59  Roach  
  108  12:00  Roach x2  
  120  12:03  Hydralisk Den  
  119  12:11  Drone x5  
  119  12:12  Drone  
  125  12:30  Drone  
  125  12:31  Drone x10, Extractor  
  125  12:36  Extractor  
  134  12:38  Muscular Augments, Hydralisk x3  
  134  12:43  Lurker Den  
  139  12:45  Overseer  
  139  13:03  Hydralisk  
  139  13:04  Hydralisk x6  
  153  13:07  Overlord x3  
  153  13:26  Overlord x3  
  153  13:36  Overseer  
  153  13:42  Hydralisk x4  
  153  13:47  Overlord x3  
  161  13:53  Grooved Spines  
  161  14:03  Baneling Nest  
  160  14:14  Lurker x4  
  160  14:15  Lurker  
  149  14:31  Hydralisk x6  
  120  14:40  Zergling x2  
  120  14:41  Zergling x32  
  131  14:51  Hydralisk x4  
  139  14:53  Roach  
  139  14:54  Roach x3  
  147  15:10  Hatchery  
Tags
 
Composition
Lurkers
Matchup
ZvZ
Race
Zerg
Spawn Locations
Cross Positions
Add a new tag
Caveats
  • Supply blocks, unpowered buildings, or Contaminate may cause inaccurate times.
  • Supply counts are checked every 10 seconds.